 Dungeon Crawl Stone Soup version 0.20-a0-972-gb9bd3e6 (webtiles) character file.

6920 nikopol the Fighter (level 11, -1/106 HPs)
             Began as a Gargoyle Berserker on Apr 9, 2017.
             Was a High Priest of Trog.
             Slain by a troll (9 damage)
             ... on level 10 of the Dungeon.
             The game lasted 00:25:35 (11049 turns).

nikopol the Fighter (Gargoyle Berserker)           Turns: 11049, Time: 00:25:35

Health: -1/106     AC: 22    Str: 26    XL:     11   Next: 7%
Magic:  11/11      EV: 14    Int:  8    God:    Trog [*****.]
Gold:   616        SH:  0    Dex: 12    Spells: 10/10 levels left

rFire    . . .     SeeInvis .   a - +0 hand axe
rCold    . . .     Gourm    .   (no shield)
rNeg     + . .     Faith    .   s - +0 ring mail
rPois    ∞         Spirit   .   (no helmet)
rElec    +         Reflect  .   m - +0 cloak
rCorr    .         Harm     .   (no gloves)
MR       .....                  L - +0 pair of boots {run}
Stlth    ..........             (no amulet)
Regen    0.3/turn               B - +3 ring of protection
MPRegen  0.2/turn               G - +2 ring of protection

@: berserking, very quick
A: negative energy resistance 1, electricity resistance, unbreathing,
petrification resistance, rot immunity, AC +7
a: Berserk, Trog's Hand, Brothers in Arms, Burn Spellbooks, Renounce Religion


You were on level 10 of the Dungeon.
You worshipped Trog.
Trog was extremely pleased with you.
You were very hungry.

You visited 1 branch of the dungeon, and saw 10 of its levels.

You collected 616 gold pieces.

Inventory:

Hand Weapons
 a - a +0 hand axe (weapon)
 x - a +0 flail of holy wrath
 z - the +6 hand crossbow of the Mushroom {flame, Str+2}
   (You found it on level 7 of the Dungeon)

   It causes projectiles fired from it to burn those they strike, causing extra
   injury to most foes and up to half again as much damage against particularly
   susceptible opponents.
   It affects your strength (+2).
Missiles
 J - 24 bolts
Armour
 i - a +2 plate armour of poison resistance
 m - a +0 cloak (worn)
 s - a +0 ring mail (worn)
 L - a +0 pair of boots of running (worn)
Jewellery
 B - a +3 ring of protection (left hand)
 G - a +2 ring of protection (right hand)
Wands
 t - a wand of lightning (8/15)
Scrolls
 d - 10 scrolls of remove curse
 e - a scroll of amnesia {unknown}
 f - a scroll of immolation {unknown}
 h - 2 scrolls of blinking {unknown}
 j - 8 scrolls of teleportation {unknown}
 o - a scroll of fog {unknown}
 v - 3 scrolls of noise {unknown}
 w - 8 scrolls of identify {unknown}
 y - a scroll of random uselessness {unknown}
 C - a scroll of enchant weapon {unknown}
 D - 2 scrolls of magic mapping {unknown}
 F - a scroll of recharging {unknown}
 H - 2 scrolls of fear {unknown}
 M - a scroll of vulnerability {unknown}
Potions
 g - 2 potions of invisibility {unknown}
 n - 2 potions of agility {unknown}
 p - 2 potions of cancellation {unknown}
 q - 3 potions of haste {unknown}
 r - 8 potions of curing {unknown}
 E - 2 potions of heal wounds {unknown}
 I - 4 potions of brilliance {unknown}
 K - a potion of ambrosia {unknown}
Comestibles
 c - 7 bread rations
 k - 4 meat rations
 l - 20 fruits
 u - 6 royal jellies


   Skills:
 + Level 9.0 Fighting
 * Level 8.2 Axes
 * Level 5.3 Crossbows
 + Level 8.5 Armour
 + Level 6.8 Dodging


You had 10 spell levels left.
You didn't know any spells.

Dungeon Overview and Level Annotations

Branches:
Dungeon (10/15)            Temple (0/1) D:4             Orc (0/2) D:9
   Lair: D:8-11

Altars:
Dithmenos
Kikubaaqudgha
Nemelex Xobeh
Sif Muna
Wu Jian
Yredelemnul

Shops:
D:6 %   D:10 }

Annotations:
D:10 Sonja


Innate Abilities, Weirdness & Mutations

You are resistant to torment.
Your stone body is resilient. (AC +7)
You are immune to poison.
You resist negative energy. (rN+)
You are resistant to electric shocks. (rElec)
You can survive without breathing.
You are immune to petrification.
You are immune to rotting.


Message History

The troll is moderately wounded.
The troll closely misses you. x2; The troll claws you but does no damage.
A red film seems to cover your vision as you go berserk!
You feel yourself moving faster!
You feel mighty!
You are feeling very hungry.
The troll bites you!
* * * LOW HITPOINT WARNING * * *
The troll claws you!
* * * LOW HITPOINT WARNING * * *
The troll claws you but does no damage.
You barely miss the troll.
The troll is lightly wounded.
The troll bites you but does no damage. The troll misses you.
The troll barely misses you.
You slash the troll!
The troll is heavily wounded.
You slash the troll!
The troll is almost dead.
The troll bites you but does no damage. The troll claws you!
You die...

##.## #.# #.# #.# #.#
##'## #.# ##...## ###.#
##.....## #....
##.......## #....
...####.....(...####....
(..(..T@................
...####.................
##>......####.#.#.
##......# #.###.
##...#.# #.###.
##+##.###...... #<.....#
## #####.## #.


You could see a troll.

Vanquished Creatures
  A hydra (D:9)
  A two-headed ogre (D:5)
  2 dream sheep (D:9)
  A wyvern (D:8)
  The ghost of feelmyfire the Sneak, an amateur VSEn (D:3)
  2 yaks (D:9)
  A hungry ghost (D:10)
  Edmund (D:5)
  A water moccasin (D:7)
  3 orc warriors
  An ice beast (D:5)
  2 phantoms
  2 black bears
  5 ogres
  2 centaurs
  A crocodile (D:8)
  5 big kobolds
  7 bullfrogs
  4 scorpions
  8 wights
  3 howler monkeys
  A quasit (D:9)
  A bullfrog zombie (D:7)
  6 crimson imps
  6 hounds
  A centaur skeleton (D:6)
  7 orc wizards
  3 orc priests
  2 bullfrog skeletons (D:4)
  4 iguanas
  6 worker ants
  2 hound zombies
  A hound skeleton (D:10)
  4 worker ant zombies
  9 gnolls
  11 adders
  3 shadow imps
  An ooze (D:4)
  2 adder skeletons
  3 worms
  3 dart slugs
  5 leopard geckos
  19 orcs
  9 bats
  3 giant cockroaches
  9 hobgoblins
  12 jackals
  20 kobolds
  2 quokkas
  A ball python skeleton (D:4)
  4 frilled lizards
  9 goblins
  A jackal skeleton (D:6)
  5 rats
229 creatures vanquished.

Notes
Turn   | Place    | Note
-------+----------+-------------------------------------------
     0 | D:1      | nikopol the Gargoyle Berserker began the quest for the Orb.
     0 | D:1      | Reached XP level 1. HP: 14/14 MP: 1/1
   279 | D:1      | Reached XP level 2. HP: 19/19 MP: 2/2
   645 | D:1      | Reached XP level 3. HP: 17/23 MP: 3/3
  1546 | D:2      | Reached ** piety under Trog
  1577 | D:2      | Reached XP level 4. HP: 24/29 MP: 4/4
  1899 | D:2      | Found a sparkling altar of Nemelex Xobeh.
  1900 | D:2      | Found a basalt altar of Yredelemnul.
  1904 | D:2      | Found a shadowy altar of Dithmenos.
  1913 | D:2      | Found an ancient bone altar of Kikubaaqudgha.
  1931 | D:2      | Reached skill level 4 in Fighting
  2028 | D:3      | Found a deep blue altar of Sif Muna.
  2161 | D:3      | Noticed feelmyfire's ghost (amateur VSEn)
  2195 | D:3      | Noticed a black bear
  2308 | D:3      | Killed feelmyfire's ghost
  2308 | D:3      | Reached XP level 5. HP: 34/34 MP: 5/5
  2313 | D:3      | Reached XP level 6. HP: 39/39 MP: 6/6
  2586 | D:3      | Killed a black bear
  3072 | D:4      | Reached skill level 5 in Fighting
  3106 | D:4      | Reached XP level 7. HP: 42/44 MP: 7/7
  4302 | D:4      | Reached skill level 5 in Armour
  4353 | D:4      | Found a staircase to the Ecumenical Temple.
  4437 | D:4      | Reached *** piety under Trog
  4491 | D:5      | Entered Level 5 of the Dungeon
  4502 | D:5      | Reached XP level 8. HP: 51/51 MP: 8/8
  4569 | D:5      | Noticed a two-headed ogre
  4579 | D:5      | Killed a two-headed ogre
  4579 | D:5      | Reached skill level 6 in Fighting
  4579 | D:5      | Reached skill level 5 in Axes
  4635 | D:5      | Noticed Edmund
  4659 | D:4      | Reached XP level 9. HP: 48/56 MP: 9/9
  5190 | D:5      | Killed Edmund
  5190 | D:5      | Reached skill level 7 in Fighting
  5190 | D:5      | Reached skill level 5 in Dodging
  6164 | D:6      | Reached **** piety under Trog
  6510 | D:6      | Found Oxokkuta's Food Shoppe.
  7274 | D:7      | Got a jewelled hand crossbow
  7275 | D:7      | Identified the +6 hand crossbow of the Mushroom {flame, Str+2} (You found it on level 7 of the Dungeon)
  7637 | D:7      | Reached skill level 1 in Crossbows
  8360 | D:7      | Reached skill level 8 in Fighting
  8360 | D:7      | Reached XP level 10. HP: 55/64 MP: 10/10
  8636 | D:8      | Found an ornate altar of the Wu Jian Council.
  8934 | D:8      | Identified a +0 pair of boots of running (You found it on level 8 of the Dungeon)
  9641 | D:9      | Noticed a three-headed hydra
  9656 | D:9      | Killed a three-headed hydra
  9948 | D:9      | Reached ***** piety under Trog
 10015 | D:9      | Reached skill level 5 in Crossbows
 10391 | D:9      | Found a staircase to the Orcish Mines.
 10411 | D:9      | Reached XP level 11. HP: 69/69 MP: 11/11
 10578 | D:9      | Reached skill level 9 in Fighting
 10715 | D:10     | Entered Level 10 of the Dungeon
 10777 | D:10     | Found Ysoq Cent's Quality Used Wands.
 10815 | D:10     | Noticed Sonja
 11049 | D:10     | Slain by a troll

Vault maps used:
D:1:      mrwooster_arrival_statue_3, st_stairs_9
D:2:      grunt_temple_overflow_cloverleaf, first_bread, minmay_tall_x
D:3:      lemuel_crystal_altar
D:4:      minmay_temple_entry_enclosed_plants
D:5:      uniq_edmund
D:6:      cheibrodos_thug_alley, serial_shops, nicolae_shop_crystal
D:8:      nicolae_overflow_crystal_walls
D:9:      hangedman_ranch, small_statue_intersection, minivault_25,
          kennysheep_cross_bottleneck
D:10:     hangedman_decor_riveting, nicolae_for_you_no_charge, uniq_sonja,
          uniq_erica

Skill      XL: |  1  2  3  4  5  6  7  8  9 10 11 |
---------------+----------------------------------+-----
Dodging        | 2 3 4 5 6 |  6.8
Axes           | 3 4 5 6 8 |  8.2
Armour         | 3 4 5 6 7 8 |  8.5
Fighting       | 4 5 6 8 9 |  9.0
Crossbows      | 2 5 |  5.3

Action                   |  1- 3 |  4- 6 |  7- 9 | 10-12 || total
-------------------------+-------+-------+-------+-------++-------
Melee: Hand axe          |   113 |   142 |   574 |   182 ||  1011
       Flail             |       |       |       |    13 ||    13
 Fire: Hand crossbow     |       |       |    39 |   119 ||   158
Invok: Berserk           |       |     2 |     7 |     3 ||    12
       Burn Spellbooks   |       |       |     1 |       ||     1
  Use: Scroll            |       |       |     1 |       ||     1
 Stab: Sleeping          |     1 |       |       |       ||     1
  Eat: Chunk             |     2 |     7 |    21 |    10 ||    40
       Royal jelly       |       |       |     1 |       ||     1
       Fruit             |       |       |     1 |       ||     1
Armor: Animal skin       |    46 |     7 |       |       ||    53
       Ring mail         |       |   107 |   254 |   105 ||   466
Dodge: Dodged            |    91 |   122 |   343 |   163 ||   719
